 Dungeon Crawl Stone Soup version 0.29-a0-103-g37f86683bf (webtiles) character file.

Game seed: 4793066025745306117

6142 Murumi the Blocker (level 11, -3/89 HPs)
             Began as a Formicid Fighter on Feb 16, 2022.
             Was a Believer of Okawaru.
             Slain by an ettin (34 damage)
             ... on level 1 of the Orcish Mines.
             The game lasted 00:28:56 (10682 turns).

Murumi the Blocker (Formicid Fighter)              Turns: 10682, Time: 00:28:56

Health: -3/89      AC: 15    Str: 26    XL:     11   Next: 13%
Magic:  14/14      EV:  8    Int: 13    God:    Okawaru [**....]
Gold:   626        SH:  7    Dex: 10    Spells: 10/10 levels left

rFire   . . .      SeeInvis +   b - +5 double sword (flame)
rCold   . . .      Faith    .   c - +1 buckler
rNeg    . . .      Spirit   .   p - +0 plate armour
rPois   .          Reflect  .   (helmet unavailable)
rElec   .          Harm     .   j - +0 cloak
rCorr   .          Rampage  .   (no gloves)
Will    ++...                   (no boots)
Stlth   ..........              (no amulet)
HPRegen 0.24/turn               q - +6 ring of strength
MPRegen 0.14/turn               a - ring of willpower

@: no status effects
A: permanent stasis, dig shafts and tunnels, antennae 3, four strong arms
a: Dig, Shaft Self, Renounce Religion, Heroism


You were on level 1 of the Orcish Mines.
You worshipped Okawaru.
Okawaru was pleased with you.
You visited 3 branches of the dungeon, and saw 11 of its levels.

You collected 626 gold pieces.

Inventory:

Hand Weapons
 b - a +5 double sword of flaming (weapon)
 f - a +0 scimitar
Missiles
 o - 40 bolts
 r - a throwing net
Armour
 c - a +1 buckler (worn)
 j - a +0 cloak (worn)
 p - a +0 plate armour (worn)
Jewellery
 a - a ring of willpower (right hand)
 m - a ring of positive energy
 q - a +6 ring of strength (left hand)
 t - a ring of resist corrosion
 u - a ring of ice
Wands
 h - a wand of polymorph (13)
 i - a wand of acid (5)
 l - a wand of charming (4)
 s - a wand of digging (1)
Scrolls
 k - 3 scrolls of identify
 n - 3 scrolls of fear
 v - a scroll of enchant armour
Potions
 d - 5 potions of might
 e - 5 potions of curing
 g - 2 potions of lignification
 w - a potion of mutation


   Skills:
 - Level 9.0 Fighting
 - Level 7.0 Long Blades
 + Level 8.6 Armour
 - Level 3.0 Dodging
 - Level 10.0 Shields
 - Level 5.0 Invocations
 - Level 4.0 Evocations


You had 10 spell levels left.
You didn't know any spells.
Your spell library contained the following spells:

 Spells                   Type           Power      Damage    Failure   Level
 Apportation              Tloc           0%         N/A       98%         1
 Sandblast                Erth           0%         2d4       98%         1
 Passwall                 Tmut/Erth      0%         N/A       99%         2
 Sublimation of Blood     Necr           0%         N/A       99%         2
 Stone Arrow              Conj/Erth      0%         3d7       100%        3
 Petrify                  Tmut/Erth      0%         N/A       100%        4
 Irradiate                Conj/Tmut      0%         3d14      100%        5
 Dispersal                Tloc           0%         N/A       100%        6
 Disjunction              Tloc           0%         N/A       100%        8
 Animate Skeleton         Necr           Unusable   N/A       N/A         1
 Summon Small Mammal      Summ           Unusable   N/A       N/A         1

Dungeon Overview and Level Annotations

Branches:
Dungeon (9/15)             Temple (1/1) D:5             Orc (1/2) D:9
   Lair: D:8-11

Altars:
Ashenzari
Cheibriados
Dithmenos
Elyvilon
Hepliaklqana
Kikubaaqudgha
Makhleb
Nemelex Xobeh
Okawaru
Qazlal
Ru
Sif Muna
Trog
Uskayaw
Vehumet
Wu Jian
Xom
Yredelemnul
Zin

Shops:
D:5 (   D:8 !


Innate Abilities, Weirdness & Mutations

You cannot be hasted, slowed, berserked, paralysed or teleported.
You can dig through walls and to a lower floor.
You have a pair of large antennae on your head. (SInv)
Your four strong arms can wield two-handed weapons with a shield.


Message History

You slash the orc! You burn the orc.
You kill the orc!
You block the orc's attack.
The orc warrior hits you with a +0 scimitar!
You slice the orc warrior!! You burn the orc warrior!
You kill the orc warrior!
Okawaru accepts your kill. You block the orc's attack.
An orc is nearby!
You hit the orc. You burn the orc.
The orc is almost dead.
The orc hits you but does no damage. x2
You slash the orc! You burn the orc.
You kill the orc!
HP restored.
Things that are here:
a +0 hand axe; a +0 chain mail
Things that are here:
a +0 scimitar; a +0 chain mail; an orc corpse
Things that are here:
a +2 robe of positive energy; a +0 dagger
Things that are here:
a +0 falchion; an orc corpse You see here a +0 giant club.
Things that are here:
a +0 short sword; a +0 leather armour; an orc corpse Done exploring.
There is a staircase to the Orcish Mines, spattered with blood here.
You climb downwards.
Welcome back to the Orcish Mines!
You block the ettin's attack. x2
There is a staircase back to the Dungeon, spattered with blood here.
You slash the ettin! You burn the ettin.
The ettin is lightly wounded.
The ettin hits you with a +0 great mace!
The ettin hits you with a +0 dire flail!!
You barely miss the ettin.
The ettin is lightly wounded.
The ettin hits you with a +0 great mace!
The ettin hits you with a +0 dire flail!!
You die...

#..... ... ...
. ..... .$##...
.. ....#....$..
...#...........
...............
...............
...............
#@.......
#.C..>....
#..........
##.........
#.........
...$......
#.#....#.# ##
##.####


You could see an ettin.

Vanquished Creatures
  8 yaks
  Eustachio (D:5)
  A water moccasin (D:6)
  An ice beast (D:7)
  9 orc warriors
  2 sky beasts
  A necrophage (D:7)
  3 ogres
  2 centaurs
  3 phantoms
  2 kobold brigands (D:8)
  2 bullfrogs
  3 gnoll sergeants
  2 wyvern zombies
  A water moccasin skeleton (D:5)
  16 wights
  7 howler monkeys
  A centaur zombie (D:6)
  A hound (D:4)
  9 orc priests
  A bullfrog skeleton (D:6)
  A scorpion zombie (D:5)
  Ijyb (D:4)
  8 iguanas
  11 orc wizards
  2 hound skeletons
  6 adders
  20 gnolls
  A howler monkey skeleton (D:6)
  2 shadow imps
  An ufetubus (D:3)
  An adder zombie (D:5)
  3 worms
  2 dart slugs
  41 orcs
  5 endoplasms
  A giant cockroach (D:1)
  6 goblins
  8 hobgoblins
  2 jackals (D:2)
  16 kobolds
  3 quokkas
  5 ball pythons
  4 bats
  6 frilled lizards
  5 rats
237 creatures vanquished.

Notes
Turn   | Place    | Note
-------+----------+-------------------------------------------
     0 | D:1      | Murumi the Formicid Fighter began the quest for the Orb.
     0 | D:1      | Reached XP level 1. HP: 18/18 MP: 1/1
    80 | D:1      | Reached skill level 4 in Shields
    82 | D:1      | Reached XP level 2. HP: 24/24 MP: 2/2
   933 | D:1      | Reached XP level 3. HP: 25/30 MP: 3/3
   982 | D:1      | Identified a scroll of acquirement
   982 | D:1      | Acquired a +5 double sword of flaming
  1510 | D:2      | Reached skill level 1 in Evocations
  1546 | D:2      | Reached XP level 4. HP: 37/37 MP: 4/4
  1549 | D:2      | Reached skill level 1 in Dodging
  2052 | D:3      | Noticed a phantom
  2057 | D:3      | Killed a phantom
  2058 | D:3      | Reached XP level 5. HP: 42/42 MP: 5/5
  3019 | D:4      | Reached skill level 5 in Shields
  3019 | D:4      | Reached XP level 6. HP: 47/48 MP: 6/6
  3266 | D:4      | Reached skill level 5 in Fighting
  3310 | D:4      | Reached XP level 7. HP: 43/56 MP: 7/7
  3498 | D:4      | Noticed Ijyb
  3504 | D:4      | Killed Ijyb
  3549 | D:4      | You fall into a shaft and drop 2 floors!
  3549 | D:6      | Noticed a water moccasin
  3561 | D:6      | Killed a water moccasin
  3562 | D:6      | Reached skill level 5 in Armour
  3629 | D:6      | Reached skill level 6 in Shields
  3789 | D:6      | Reached XP level 8. HP: 52/62 MP: 8/8
  3865 | D:6      | Reached skill level 7 in Shields
  4007 | D:5      | Entered Level 5 of the Dungeon
  4293 | D:5      | Reached skill level 5 in Long Blades
  4771 | D:5      | Reached XP level 9. HP: 50/69 MP: 9/9
  4863 | D:5      | Found a staircase to the Ecumenical Temple.
  4868 | D:5      | Found Udaiq's Weapon Shoppe.
  4873 | Temple   | Entered the Ecumenical Temple
  4967 | D:5      | Noticed Eustachio
  5014 | D:5      | Killed Eustachio
  5015 | D:5      | Reached skill level 8 in Shields
  5299 | D:5      | Found a bloodstained altar of Trog.
  6902 | D:7      | Reached skill level 9 in Shields
  6998 | D:7      | Reached XP level 10. HP: 42/79 MP: 10/10
  7470 | D:7      | Found an iron altar of Okawaru.
  7480 | D:7      | Became a worshipper of Warmaster Okawaru
  7937 | D:8      | Found Juymp's Distillery.
  7945 | D:8      | Found a glowing silver altar of Zin.
  8091 | D:8      | Reached skill level 1 in Invocations
  8104 | D:8      | Reached * piety under Okawaru
  8129 | D:8      | Reached skill level 5 in Invocations
  9319 | D:8      | Reached ** piety under Okawaru
  9320 | D:8      | Reached skill level 10 in Shields
  9602 | D:9      | Found a staircase to the Orcish Mines.
  9963 | D:9      | Reached XP level 11. HP: 87/87 MP: 14/14
 10159 | D:9      | Found a radiant altar of Vehumet.
 10450 | Orc:1    | Entered Level 1 of the Orcish Mines
 10548 | Orc:1    | Noticed an ettin
 10682 | Orc:1    | Slain by an ettin

Illustrated notes

Levels and vault maps discovered:
D:1:      dpeg_arrival_oval, layout_basic
D:2:      layout_basic, kennysheep_generic_room_2
D:3:      layout_loops_ring
D:4:      layout_rooms, item_on_display_a, uniq_ijyb
D:5:      layout_loops_ring, general_overflow_altar,
          minmay_temple_entry_proselytizer, serial_shops,
          nicolae_shop_statue_plus, uniq_eustachio
D:6:      layout_cave_pools, minmay_pentangle
D:7:      layout_rooms, okawaru_trees_1
D:8:      layout_layer_cave, overflow_temple_1_default, serial_shops,
          shop_statue
D:9:      layout_roguey, nicolae_vehumet_radiance, david_orc_2
Temple:   eino_wide_crystal_templ
Orc:1:    layout_caves, special_room [special_room_orc], basic_altar,
          guppyfry_orc_lava_fort

Skill      XL: |  1  2  3  4  5  6  7  8  9 10 11 |
---------------+----------------------------------+-----
Shields        | 4 5 6 7 9 10 | 10.0
Fighting       | 4 5 6 7 8 9 |  9.0
Armour         | 4 5 6 7 8 |  8.6
Evocations     | 1 2 3 4 |  4.0
Dodging        | 1 2 3 |  3.0
Long Blades    | 3 4 5 6 7 |  7.0
Invocations    | 5 |  5.0

Action                   |  1- 3 |  4- 6 |  7- 9 | 10-12 || total
-------------------------+-------+-------+-------+-------++-------
Melee: Long sword        |    54 |       |       |       ||    54
       Double sword      |    16 |   117 |   253 |   206 ||   592
Invok: Heroism           |       |       |       |     1 ||     1
 Abil: Dig               |       |     2 |     5 |     3 ||    10
  Use: Scroll            |     4 |     6 |     3 |     3 ||    16
       Potion            |       |       |     1 |       ||     1
Armor: Scale mail        |    13 |       |       |       ||    13
       Chain mail        |    24 |    55 |    68 |       ||   147
       Plate armour      |       |       |     7 |    83 ||    90
       Skin              |       |       |     4 |       ||     4
Dodge: Dodged            |    28 |    37 |    69 |    40 ||   174
Block: Buckler           |    17 |    26 |    58 |    56 ||   157

Table legend: (Time is in decaauts)
 A = Elapsed time spent in this place.
 B = Non-inter-level travel time spent in this place.
 C = Inter-level travel time spent in this place.
 D = Time resting spent in this place.
 E = Time spent auto-exploring this place.
 F = Levels seen in this place.
 G = Mean time per level.
                   A        B        C        D        E       F      G
               +--------+--------+--------+--------+--------+-----+--------+
         Total |  10867 |  10210 |    657 |     85 |   8245 |  11 |  987.9 |
       Dungeon |  10805 |  10157 |    648 |     85 |   8213 |   9 | 1200.6 |
        Temple |     52 |     45 |      7 |      0 |     32 |   1 |   52.0 |
  Orcish Mines |      9 |      9 |      0 |      0 |      0 |   1 |    9.0 |
               +--------+--------+--------+--------+--------+-----+--------+

Top non-repeatable levels by time:
     D:6: 1839 daAuts
     D:8: 1597 daAuts
     D:9: 1209 daAuts
     D:5: 1189 daAuts
     D:1: 1123 daAuts
     D:7: 1111 daAuts
     D:3: 997 daAuts
     D:2: 904 daAuts
     D:4: 832 daAuts
  Temple: 52 daAuts
   Orc:1: 9 daAuts
